 Dungeon Crawl Stone Soup version 0.28-a0-1199-gef9e1dbd39 (webtiles) character file.

Game seed: 7522755103397924475

138646 AigisTheKnight the Zephyrmancer (level 16, -8/208 HPs)
             Began as a Pale Draconian Air Elementalist on Dec 19, 2021.
             Was a High Priest of Vehumet.
             Mangled by a wolf spider (24 damage)
             ... on level 1 of the Spider Nest on Dec 20, 2021.
             The game lasted 04:37:20 (52212 turns).

AigisTheKnight the Zephyrmancer (DrAE)             Turns: 52212, Time: 04:37:21

Health: -8/208     AC: 13    Str: 12    XL:     16   Next: 71%
Magic:  22/48      EV: 17    Int: 22    God:    Vehumet [*****.]
Gold:   1628       SH: 12    Dex: 14    Spells: 1/36 levels left

rFire   + . .      SeeInvis .   l - staff of conjuration
rCold   + . .      Faith    .   o - +0 buckler
rNeg    . . .      Spirit   .   (armour unavailable)
rPois   +          Reflect  +   (helmet restricted)
rElec   .          Harm     .   n - scarf {rC+ rF+}
rCorr   .          Rampage  +   (no gloves)
Will    +....                   O - +2 pair of boots {rampage}
Stlth   ..........              a - amulet of reflection
HPRegen 0.44/turn               y - ring of magical power
MPRegen 0.31/turn               h - ring of magical power

@: berserking, on blink cooldown, very quick
A: breathe steam, AC +9, unfitting armour, cold-blooded, steam resistance,
talons 1, thin skeletal structure 1, poison resistance, shaggy fur 1, no potion
heal 1, MP-powered wands, devolution 1
a: Breathe Steam, Renounce Religion


You were on level 1 of the Spider Nest.
You worshipped Vehumet.
Vehumet was extremely pleased with you.
You visited 6 branches of the dungeon, and saw 28 of its levels.
You visited the Abyss 1 time.
You also visited: Ice Cave.

You collected 2671 gold pieces.
You spent 1043 gold pieces at shops.

Inventory:

Hand Weapons
 r - a +2 eveningstar of holy wrath
 L - the +9 heavy crossbow "Sniper" {vorpal, Acc+∞ SInv}
   (You found it on level 9 of the Dungeon)

   Any ammunition fired from it inflicts extra damage upon your enemies.
   Any ammunition fired from it never misses its target.
   SInv:      It lets you see invisible.
Armour
 n - a scarf of resistance (worn)
 o - a +0 buckler (worn)
 O - a +2 pair of boots of rampaging (worn)
 R - a +0 kite shield
Magical Staves
 l - a staff of conjuration (weapon)
Jewellery
 a - an amulet of reflection (around neck)
 f - a ring of resist corrosion
 h - a ring of magical power (right hand)
 i - a ring of see invisible
 s - a ring of protection from fire
 y - a ring of magical power (left hand)
 z - a ring of magical power
 A - a ring of protection from fire
 H - a ring of willpower
 I - a ring of protection from cold
 S - a ring of positive energy
 Y - a ring of poison resistance
Wands
 M - a wand of flame (16)
 T - a wand of iceblast (15)
 U - a wand of charming (10)
Scrolls
 k - 10 scrolls of teleportation
 u - 4 scrolls of enchant weapon
 v - 2 scrolls of magic mapping {unknown}
 C - 2 scrolls of identify
 D - 6 scrolls of blinking
 E - 12 scrolls of amnesia
 G - 2 scrolls of enchant armour
 K - 2 scrolls of torment {unknown}
 N - a scroll of holy word {unknown}
 P - a scroll of acquirement
 Q - 2 scrolls of fog
 W - 3 scrolls of summoning {unknown}
 X - 2 scrolls of fear
 Z - 2 scrolls of brand weapon
Potions
 b - 2 potions of cancellation {unknown}
 d - a potion of attraction {unknown}
 e - 2 potions of magic {unknown}
 g - 3 potions of heal wounds
 j - 3 potions of haste {unknown}
 m - 9 potions of curing
 p - 5 potions of flight
 q - 2 potions of ambrosia {unknown}
 x - 5 potions of mutation
 J - 6 potions of brilliance
 V - 2 potions of resistance {unknown}
Miscellaneous
 c - a tin of tremorstones (2/2)
 t - a phantom mirror
 w - a condenser vane
 B - a piece from Xom's chessboard (15/15)


   Skills:
 + Level 12.2 Fighting
 + Level 10.9 Dodging
 - Level 7.3 Stealth
 * Level 11.9 Shields
 + Level 10.8 Spellcasting
 + Level 9.7 Conjurations
 + Level 10.6 Summonings
 - Level 4.0 Translocations
 - Level 6.3 Fire Magic
 + Level 13.0 Air Magic
 - Level 5.3 Evocations


You had one spell level left.
You knew the following spells:

 Your Spells              Type           Power      Damage    Failure   Level
a - Shock                 Conj/Air       100%       1d9       1%          1
b - Airstrike             Air            31%        N/A       1%          4
c - Swiftness             Air            62%        N/A       1%          3
d - Summon Lightning Spi  Summ/Air       59%        N/A       1%          4
e - Blink                 Tloc           58%        N/A       1%          2
f - Lightning Bolt        Conj/Air       37%        1d56      1%          5
g - Fireball              Conj/Fire      31%        3d13      1%          5
h - Summon Cactus Giant   Summ           27%        N/A       11%         6
i - Lee's Rapid Deconstr  Erth           5%         3d7*      36%         5

Your spell library contained the following spells:

 Spells                   Type           Power      Damage    Failure   Level
 Eringya's Noxious Bog    Tmut/Pois      5%         N/A       88%         6
 Freeze                   Ice            44%        1d6       1%          1
 Beastly Appendage        Tmut           22%        N/A       5%          1
 Static Discharge         Conj/Air       75%        N/A       1%          2
 Dazzling Flash           Conj/Hex       98%        N/A       1%          3
 Flame Wave               Conj/Fire      63%        2d10      1%          4
 Hailstorm                Conj/Ice       49%        3d11      2%          4
 Conjure Ball Lightning   Conj/Air       37%        3x3d12    2%          6
 Lesser Beckoning         Tloc           29%        N/A       3%          3
 Frozen Ramparts          Ice            22%        1d4       4%          3
 Summon Forest            Summ/Tloc      22%        N/A       8%          5
 Ensorcelled Hibernation  Hex/Ice        22%        N/A       9%          2
 Wereblood                Tmut           11%        N/A       9%          2
 Spider Form              Tmut/Pois      11%        N/A       17%         3
 Summon Mana Viper        Hex/Summ       35%        N/A       17%         5
 Iron Shot                Conj/Erth      24%        9d5       28%         6
 Manifold Assault         Tloc           29%        N/A       30%         5
 Leda's Liquefaction      Hex/Erth       5%         N/A       50%         4
 Petrify                  Tmut/Erth      11%        N/A       50%         4
 Blade Hands              Tmut           5%         N/A       83%         5
 Metabolic Englaciation   Hex/Ice        5%         N/A       83%         5
 Statue Form              Tmut/Erth      7%         N/A       100%        6
 Discord                  Hex            5%         N/A       100%        8
 Disjunction              Tloc           14%        N/A       100%        8
 Chain Lightning          Conj/Air       37%        3d50      100%        9
 Fire Storm               Conj/Fire      31%        8d8       100%        9
 Shatter                  Erth           5%         3d8*      100%        9
 Animate Armour           Summ/Erth      Unusable   N/A       N/A         4

Dungeon Overview and Level Annotations

Branches:
Dungeon (15/15)            Temple (1/1) D:5            Lair (6/6) D:8
  Swamp (3/4) Lair:4       Spider (1/4) Lair:2        Slime (0/5) Lair:6
    Orc (2/2) D:11            Elf (0/3) Orc:2        Vaults (0/5) D:13
 Depths (0/4) D:15          IceCv (visited)

Altars:
Ashenzari
Cheibriados
Dithmenos
Elyvilon
Fedhas
Gozag
Hepliaklqana
Kikubaaqudgha
Makhleb
Nemelex Xobeh
Okawaru
Qazlal
Ru
Sif Muna
Trog
Uskayaw
Vehumet
Wu Jian
Xom
Yredelemnul
Zin
The Shining One
Beogh
Jiyva

Shops:
D:7 (   Orc:2 :(([

Portals:
Trove: D:12 (give +4 ice dragon scales)

Annotations:
D:9 1 runed translucent door, ytrimaz's ghost, novice DsGl
D:10 exclusion: statue


Innate Abilities, Weirdness & Mutations

You can breathe blasts of scalding, opaque steam.
Your pale cyan-grey scales are hard. (AC +9)
You cannot fit into any form of body armour.
You are cold-blooded and may be slowed by cold attacks.
You are immune to the effects of steam.
You have sharp toenails.
You have a somewhat thin skeletal structure. (Dex +2, Stealth+)
Your system is resistant to poisons. (rPois)
You are covered in fur. (AC +1)
Potions are less effective at restoring your health.
You expend magic power (3 MP) to strengthen your wands.
You have hidden genetic defects.


Message History

The wolf spider goes berserk!
The wolf spider hits you!!
* * * LOW HITPOINT WARNING * * *
You block the wolf spider's attack.
Your lightning spire shoots out a bolt of lightning at the wolf spider!
The bolt of electricity hits the wolf spider!
Casting: Airstrike (safe; 1% risk of failure)
Confirm with . or Enter, or press ? or * to list all spells.
Okay, then.
Casting: Airstrike (safe; 1% risk of failure)
Confirm with . or Enter, or press ? or * to list all spells.
Okay, then.
Casting: Airstrike (safe; 1% risk of failure)
Confirm with . or Enter, or press ? or * to list all spells.
You blink.
A redback comes into view.
The wolf spider hits your lightning spire!
The wolf spider bites your lightning spire.
The moth of wrath is engulfed in a cloud of scalding steam.
The moth of wrath bites you!
* * * LOW HITPOINT WARNING * * *
The moth of wrath infuriates you!
A red film seems to cover your vision as you go berserk!
You feel yourself moving faster!
You feel mighty!
The wolf spider hits your lightning spire!
The wolf spider bites your lightning spire.
Your lightning spire is destroyed!
Your lightning spire disappears in a puff of smoke!
You are too berserk!
The wolf spider hits you!
* * * LOW HITPOINT WARNING * * *
The wolf spider completely misses you.
A redback comes into view.
The wolf spider barely misses you. The wolf spider bites you.
* * * LOW HITPOINT WARNING * * *
You are too berserk!
You are too berserk!
You are too berserk!
You feel a strong urge to attack something.
The wolf spider hits you!!
You die...

##..#...#.[^ ##.#
####...##.. .#...##
#>..##### ......#
#......# ## ....###
##....## #..
...#.####......# ##..
#####...#.......###
..... #..#..†##.....#.#
./....#y.@..........###
#..s..s....^..#.(..#
##..#.§.....###....#
...†.#...##...#....## .
.....#.#...#...###....#
.. .....#####.##.##
#.#..# .. ##.s ######
##.^# # #.. # ... #


You could see a wolf spider (berserk), a moth of wrath and a redback.

Vanquished Creatures
  Jorgrun (Orc:1)
  An azure jelly (D:15)
  A thorn hunter (Swamp:3)
  2 frost giants (IceCv)
  4 eleionomae
  4 bunyips
  A minotaur (Lair:4)
  The ghost of Pooter the Severer, a journeyman MiFi of the Shining One (Lair:4)
  A yaktaur captain (D:13)
  5 hydras
  4 centaur warriors
  Erica (Lair:2)
  3 catoblepae
  2 ghost crabs
  2 ironbound frosthearts (IceCv)
  3 alligators
  10 two-headed ogres
  A death knight (D:15)
  A death yak (Lair:4)
  Urug (Lair:4)
  Sonja (Lair:3)
  5 skeletal warriors
  A deep troll (Orc:2)
  6 goliath frogs
  A spriggan druid (Swamp:1)
  An orange crystal statue (IceCv)
  2 bog bodies
  2 wizards (D:15)
  Pikel (D:6)
  4 orc knights
  A swamp dragon (Swamp:1)
  A necromancer (D:15)
  2 wolf spiders (Spider:1)
  A wolf spider zombie (D:15)
  11 ugly things
  A manticore (D:13)
  A deep elf pyromancer (D:13)
  2 will-o-the-wisps (Swamp:3)
  3 cyclopes
  6 elephants
  Maurice (D:11)
  A guardian serpent (D:12)
  2 torpor snails
  2 naga magi (D:15)
  2 black mambas
  6 cane toads
  A gargoyle (D:12)
  An unseen horror (shapeshifter) (D:14)
  A yaktaur (D:13)
  An efreet (D:13)
  11 rime drakes
  A freezing wraith (D:15)
  4 komodo dragons
  8 trolls
  A meliai (D:13)
  16 polar bears
  5 jumping spiders
  3 bloated husks
  8 hornets
  14 blink frogs
  7 tyrant leeches
  2 meliai zombies
  2 slime creatures (D:12)
  3 dream sheep (Lair:6)
  10 redbacks
  A shadow (D:11)
  3 wraiths
  A centaur simulacrum (D:15)
  A wyvern (D:9)
  Sigmund (D:6)
  14 spriggans
  2 basilisks
  2 yaks
  2 steam dragons
  11 vampire mosquitoes
  3 wargs
  11 swamp worms
  4 acid dragons
  17 water moccasins
  A swamp drake (Swamp:2)
  8 orc warriors
  5 black bears
  A necrophage (D:4)
  16 wolves
  8 boggarts
  18 ogres
  9 centaurs
  2 phantoms
  A lemure (D:6)
  9 bullfrogs
  A gnoll sergeant (D:11)
  A wyvern zombie (D:4)
  3 howler monkeys
  A bullfrog zombie (D:6)
  16 orc priests
  3 hounds
  4 bullfrog skeletons
  2 gnoll shamans
  5 jellies
  2 centaur skeletons
  2 iguanas
  Natasha (thrice) (D:2)
  14 orc wizards
  A killer bee zombie (D:9)
  A hound zombie (D:5)
  A howler monkey zombie (D:8)
  11 gnolls
  6 adders
  2 howler monkey skeletons (D:4)
  A shadow imp (D:7)
  A white imp (D:6)
  2 ufetubi
  An adder zombie (D:5)
  An adder skeleton (D:4)
  A worm (D:2)
  2 dart slugs
  65 orcs
  6 bats
  8 endoplasms
  2 giant cockroaches
  9 hobgoblins
  3 jackals (D:1)
  2 quokkas
  10 ball pythons
  4 frilled lizards
  2 goblins
  4 kobolds
  4 rats
573 creatures vanquished.

Vanquished Creatures (collateral kills)
  2 tentacled monstrosities (Swamp:3)
  A thorn hunter (Swamp:2)
  An eleionoma (Swamp:2)
  Snorg (D:13)
  An ice dragon (IceCv)
  3 hydras
  A boulder beetle (D:15)
  A two-headed ogre (Orc:2)
  A centaur warrior (D:13)
  2 ogre magi (Orc:2)
  A death yak (Lair:4)
  3 alligators (Swamp:2)
  5 skeletal warriors
  A deep troll (Orc:2)
  A deep elf pyromancer (D:15)
  A deep elf zephyrmancer (D:15)
  9 ugly things
  A cyclops (Orc:2)
  An orb spider (Spider:1)
  A manticore (D:13)
  A moth of wrath (Spider:1)
  2 black mambas
  5 elephants
  A centaur zombie (D:15)
  3 cane toads
  A yaktaur (D:13)
  4 rime drakes (IceCv)
  A freezing wraith (D:15)
  4 trolls
  A jumping spider (Spider:1)
  A harpy skeleton (D:15)
  2 tyrant leeches (Lair:4)
  9 polar bears
  8 blink frogs
  5 hornets
  3 slime creatures
  3 dream sheep (Lair:6)
  4 redbacks (Spider:1)
  2 basilisks
  13 yaks
  4 spriggans (Lair:6)
  A vampire mosquito (D:10)
  2 wargs (Orc:1)
  2 swamp worms (Swamp:3)
  3 water moccasins
  7 orc warriors
  3 ogres (Orc:2)
  14 wolves
  A centaur (D:13)
  A kobold brigand (D:10)
  A bullfrog (Lair:4)
  An orc priest (D:15)
  4 orc wizards
  3 gnolls
  10 orcs
  3 kobolds (D:10)
  A briar patch (Swamp:2)
172 creatures vanquished.

Vanquished Creatures (others)
  2 foxfires (Swamp:3)
  19 fungi
  67 plants
  2 withered plants (D:9)
90 creatures vanquished.

Grand Total: 835 creatures vanquished

Notes
Turn   | Place    | Note
-------+----------+-------------------------------------------
     0 | D:1      | AigisTheKnight the Draconian Air Elementalist began the
                  | quest for the Orb.
     0 | D:1      | Reached XP level 1. HP: 14/14 MP: 3/3
   407 | D:1      | Reached XP level 2. HP: 1/20 MP: 0/5
  1211 | D:1      | Reached XP level 3. HP: 26/26 MP: 3/6
  1514 | D:2      | Noticed Natasha
  1524 | D:2      | Killed Natasha
  1525 | D:2      | Reached XP level 4. HP: 21/33 MP: 0/7
  1686 | D:2      | Noticed Natasha
  1697 | D:2      | Killed Natasha
  1830 | D:2      | Noticed Natasha
  1834 | D:2      | Killed Natasha
  2336 | D:2      | Reached XP level 5. HP: 38/38 MP: 9/9
  3483 | D:3      | Reached skill level 4 in Air Magic
  3483 | D:3      | Reached XP level 6. HP: 21/45 MP: 3/10
  4799 | D:4      | Your scales start taking on a pale cyan-grey colour.
  4799 | D:4      | Reached XP level 7. HP: 13/50 MP: 12/12
  4799 | D:4      | Gained mutation: You are immune to the effects of steam.
                  | [Pale Draconian growth]
  5033 | D:4      | Learned a level 4 spell: Airstrike
  5037 | D:4      | Learned a level 3 spell: Swiftness
  5037 | D:4      | Found a white marble altar of Elyvilon.
  5503 | D:4      | Became a worshipper of Elyvilon the Healer
  5556 | D:5      | Entered Level 5 of the Dungeon
  5556 | D:5      | Found a staircase to the Ecumenical Temple.
  5574 | Temple   | Entered the Ecumenical Temple
  6017 | D:5      | Reached skill level 1 in Shields
  6053 | D:5      | Reached skill level 5 in Air Magic
  6132 | D:5      | Reached skill level 1 in Fire Magic
  6426 | D:5      | Found a sacrificial altar of Ru.
  6644 | D:5      | Reached XP level 8. HP: 38/57 MP: 12/13
  6963 | D:6      | Reached * piety under Elyvilon
  7290 | D:6      | Noticed Pikel
  7299 | D:6      | Killed Pikel
  7307 | D:6      | Found a white marble altar of Elyvilon.
  7389 | D:6      | Noticed Sigmund
  7395 | D:6      | Killed Sigmund
  7396 | D:6      | Reached skill level 6 in Air Magic
  7396 | D:6      | Reached XP level 9. HP: 53/62 MP: 10/15
  7560 | D:6      | Found an iron altar of Okawaru.
  7608 | D:6      | Found a glowing golden altar of the Shining One.
  7744 | D:7      | Reached skill level 5 in Stealth
  8198 | D:7      | Reached skill level 5 in Shields
  8306 | D:7      | Found Hiedic's Antique Weapon Emporium.
  8319 | D:7      | Identified the amulet of Leniapt {Spirit rPois}
  8346 | D:8      | Found a sparkling altar of Nemelex Xobeh.
  8351 | D:8      | Reached ** piety under Elyvilon
  8607 | D:8      | Learned a level 4 spell: Summon Lightning Spire
  8666 | D:8      | Found a snail-covered altar of Cheibriados.
  8699 | D:8      | Reached skill level 1 in Fighting
  8726 | D:8      | Found a shadowy altar of Dithmenos.
  8774 | D:8      | Reached skill level 5 in Dodging
  8774 | D:8      | Reached skill level 5 in Conjurations
  8774 | D:8      | Reached skill level 1 in Evocations
  9022 | D:8      | Found a staircase to the Lair.
  9025 | D:8      | Reached skill level 1 in Summonings
  9031 | D:8      | Reached skill level 5 in Spellcasting
  9600 | D:9      | Noticed a two-headed ogre
  9607 | D:9      | Killed a two-headed ogre
  9608 | D:9      | Reached XP level 10. HP: 77/77 MP: 7/17
  9733 | D:9      | Found a runed translucent door.
  9735 | D:9      | Noticed ytrimaz's ghost (novice DsGl)
 10575 | D:9      | Found the +9 heavy crossbow "Sniper" {vorpal, Acc+∞ SInv}
 10976 | D:10     | Entered Level 10 of the Dungeon
 10994 | D:10     | Reached skill level 7 in Air Magic
 11003 | D:10     | Reached *** piety under Elyvilon
 11200 | D:10     | You fall into a shaft and drop 1 floor!
 11206 | D:11     | Noticed a skeletal warrior
 11206 | D:11     | Noticed a skeletal warrior
 11298 | D:10     | Found a radiant altar of Vehumet.
 11307 | D:10     | Found an opulent altar of Gozag.
 11637 | D:10     | Reached **** piety under Elyvilon
 11663 | D:10     | Reached skill level 5 in Fire Magic
 12159 | D:10     | Fell from the grace of Elyvilon
 12159 | D:10     | Became a worshipper of Vehumet
 12390 | D:10     | Noticed a nameless horror
 12941 | D:11     | Noticed an orc knight
 12952 | D:11     | Killed an orc knight
 12953 | D:11     | Reached skill level 5 in Fighting
 13387 | D:11     | Noticed a two-headed ogre
 13392 | D:11     | Killed a two-headed ogre
 13393 | D:11     | Reached XP level 11. HP: 88/88 MP: 17/19
 13405 | D:11     | Noticed an orc knight
 13415 | D:11     | Killed an orc knight
 13434 | D:11     | Found a staircase to the Orcish Mines.
 13628 | D:11     | Reached * piety under Vehumet
 13628 | D:11     | Offered knowledge of Magic Dart by Vehumet.
 13767 | D:11     | Noticed a skeletal warrior
 13860 | D:11     | Noticed a skeletal warrior
 13888 | D:11     | Killed a skeletal warrior
 14045 | D:12     | Noticed an eight-headed hydra
 14054 | D:12     | Killed an eight-headed hydra
 14408 | D:12     | Found a portal to a secret trove of treasure.
 14634 | D:11     | Killed a skeletal warrior
 14641 | D:11     | Noticed a skeletal warrior
 14730 | D:11     | Killed a skeletal warrior
 15337 | D:11     | Killed a skeletal warrior
 15338 | D:11     | Reached skill level 8 in Air Magic
 15496 | Orc:1    | Entered Level 1 of the Orcish Mines
 15511 | Orc:1    | Noticed Maurice
 15763 | D:11     | Killed a skeletal warrior
 16762 | D:12     | Reached skill level 5 in Evocations
 17350 | D:12     | Noticed a red ugly thing
 17357 | D:12     | Killed a red ugly thing
 17483 | D:12     | Reached XP level 12. HP: 86/97 MP: 9/21
 18294 | D:12     | Reached skill level 5 in Summonings
 18478 | D:12     | Gained mutation: You have sharp toenails. [potion of
                  | mutation]
 18478 | D:12     | Gained mutation: You expend magic power (3 MP) to
                  | strengthen your wands. [potion of mutation]
 18478 | D:12     | Gained mutation: You have a somewhat thin skeletal
                  | structure. (Dex +2, Stealth+) [potion of mutation]
 18478 | D:12     | Gained mutation: You are covered in fur. (AC +1) [potion of
                  | mutation]
 18798 | D:12     | Reached skill level 1 in Translocations
 19358 | D:13     | Noticed a centaur warrior
 19358 | D:13     | Noticed a centaur warrior
 19373 | D:13     | Killed a centaur warrior
 19374 | D:13     | Killed a centaur warrior
 19374 | D:13     | Reached ** piety under Vehumet
 19447 | D:13     | Offered knowledge of Scorch by Vehumet.
 19537 | D:13     | Noticed an eight-headed hydra
 19963 | Lair:1   | Entered Level 1 of the Lair of Beasts
 20420 | Lair:1   | Noticed a six-headed hydra
 20428 | Lair:1   | Killed a six-headed hydra
 20429 | Lair:1   | Reached skill level 9 in Air Magic
 20498 | Lair:1   | Learned a level 2 spell: Blink
 20531 | Lair:1   | Found a sparkling altar of Nemelex Xobeh.
 20715 | Lair:1   | Noticed a six-headed hydra
 20719 | Lair:1   | Killed a six-headed hydra
 21446 | Lair:2   | Found a hole to the Spider Nest.
 21795 | Lair:2   | Noticed Erica
 21800 | Lair:2   | Killed Erica
 22164 | Lair:2   | Reached XP level 13. HP: 107/107 MP: 24/24
 23069 | Lair:3   | Offered knowledge of Searing Ray by Vehumet.
 23499 | Lair:3   | Noticed Sonja
 23502 | Lair:3   | Killed Sonja
 23648 | Lair:3   | Learned a level 5 spell: Lightning Bolt
 23690 | Lair:3   | Reached *** piety under Vehumet
 24202 | Lair:3   | Offered knowledge of Stone Arrow by Vehumet.
 24781 | Lair:4   | Found a hazy altar of Hepliaklqana.
 24817 | Lair:4   | Reached skill level 10 in Air Magic
 24895 | Lair:4   | Noticed Urug
 24922 | Lair:4   | Killed Urug
 25367 | Lair:4   | Found a staircase to the Swamp.
 25716 | Lair:4   | Noticed a minotaur
 25733 | Lair:4   | Noticed Pooter's ghost (journeyman MiFi)
 25881 | Lair:4   | Identified the +2 robe "Ubofer" {rPois Will+ Str-4}
 26041 | Lair:4   | Found a runed translucent gate.
 26041 | Lair:4   | Found a runed translucent gate.
 26041 | Lair:4   | Found a runed translucent gate.
 26068 | Lair:4   | Got the Catalogue of the Arsonist and Battle Magic
 26493 | Lair:4   | Killed a minotaur
 26495 | Lair:4   | Killed Pooter's ghost
 26709 | Lair:5   | Reached **** piety under Vehumet
 26788 | Lair:5   | Offered knowledge of Fireball by Vehumet.
 26909 | Lair:5   | Learned a level 5 spell: Fireball
 28000 | Lair:6   | Entered Level 6 of the Lair of Beasts
 28034 | Lair:6   | Reached XP level 14. HP: 119/119 MP: 24/26
 28938 | Lair:6   | Reached ***** piety under Vehumet
 29036 | Lair:6   | Offered knowledge of Freezing Cloud by Vehumet.
 29196 | Lair:6   | Reached skill level 10 in Fighting
 29662 | Lair:6   | Reached skill level 11 in Air Magic
 30381 | Lair:6   | Found a viscous altar of Jiyva.
 30381 | Lair:6   | Found a staircase to the Slime Pits.
 31467 | D:11     | Killed Maurice
 31760 | Orc:1    | Found a radiant altar of Vehumet.
 31760 | Orc:1    | Noticed Jorgrun
 32156 | Orc:1    | Killed Jorgrun
 32886 | Orc:1    | Learned a level 6 spell: Summon Cactus Giant
 32888 | Orc:2    | Entered Level 2 of the Orcish Mines
 32888 | Orc:2    | Found Conkel's Weapon Shoppe.
 32888 | Orc:2    | Found Telaucs's Book Boutique.
 33005 | Orc:2    | Paralysed by something for 2 turns
 33163 | Orc:2    | Paralysed by an ogre mage for 3 turns
 33164 | Orc:2    | Offered knowledge of Irradiate by Vehumet.
 34207 | Orc:2    | Found a staircase to the Elven Halls.
 34302 | Orc:2    | Found Qutuzeh's Antique Weapon Boutique.
 34348 | Orc:2    | Bought a book of Annihilations for 840 gold pieces
 34356 | Orc:2    | Found Kops's Antique Armour Shop.
 34632 | Orc:2    | Bought a pair of glowing boots for 127 gold pieces
 34632 | Orc:2    | Bought a cloak for 76 gold pieces
 34670 | Orc:2    | Identified 2 scrolls of acquirement
 35412 | Swamp:1  | Entered Level 1 of the Swamp
 35643 | Swamp:1  | Reached XP level 15. HP: 128/128 MP: 28/28
 37004 | Swamp:2  | Noticed a thorn hunter
 37023 | Swamp:2  | Killed a thorn hunter
 37922 | Swamp:2  | Noticed a tentacled monstrosity
 38032 | Swamp:1  | Reached skill level 12 in Air Magic
 38777 | Swamp:2  | Offered knowledge of Iskenderun's Battlesphere by Vehumet.
 38778 | Swamp:2  | Reached skill level 10 in Dodging
 39504 | Swamp:2  | Reached skill level 10 in Shields
 40103 | Swamp:3  | Reached skill level 10 in Spellcasting
 40197 | Swamp:3  | Noticed a thorn hunter
 40201 | Swamp:3  | Killed a thorn hunter
 40529 | Swamp:3  | Noticed a tentacled monstrosity
 40539 | Swamp:3  | Killed a tentacled monstrosity
 40797 | Swamp:3  | Noticed a tentacled monstrosity
 40812 | Swamp:3  | Killed a tentacled monstrosity
 42332 | D:13     | Found a gate to the Vaults.
 42564 | D:13     | Noticed Snorg
 42575 | D:13     | Killed Snorg
 43264 | D:14     | Reached XP level 16. HP: 139/139 MP: 16/30
 43908 | D:14     | Reached skill level 10 in Summonings
 44436 | D:15     | Entered Level 15 of the Dungeon
 44449 | D:15     | Cast into level 3 of the Abyss (a wizard)
 44454 | D:15     | Escaped the Abyss
 44573 | D:15     | Found a frozen archway.
 44937 | IceCv    | Entered an ice cave
 45499 | IceCv    | Offered knowledge of Ozocubu's Refrigeration by Vehumet.
 46443 | IceCv    | Acquired a staff of conjuration
 47276 | IceCv    | Learned a level 5 spell: Lee's Rapid Deconstruction
 47376 | IceCv    | Gained mutation: You have hidden genetic defects.
                  | [mutagenic glow]
 47730 | IceCv    | Gained mutation: Your system is resistant to poisons.
                  | (rPois) [mutagenic glow]
 50113 | D:15     | Gained mutation: Potions are less effective at restoring
                  | your health. [hidden defects]
 51297 | D:15     | Found a staircase to the Depths.
 51747 | Spider:1 | Entered Level 1 of the Spider Nest
 51755 | Spider:1 | Offered knowledge of Eringya's Noxious Bog by Vehumet.
 51871 | Spider:1 | Reached skill level 13 in Air Magic
 52212 | Spider:1 | Mangled by a wolf spider

Illustrated notes

Levels and vault maps discovered:
D:1:      psy_arrival_spokes, layout_rooms
D:2:      layout_loops_ring, uniq_natasha
D:3:      layout_basic, nicolae_grassy_gnolls
D:4:      layout_loops_ring, nicolae_elyvilon_temple_path
D:5:      layout_rooms, nicolae_ru_the_path_less_chosen,
          minmay_temple_entry_waves
D:6:      layout_basic, lemuel_coloured_pillars_altar, hangedman_feature_mirror,
          uniq_sigmund, uniq_pikel
D:7:      layout_rooms, serial_shops, nicolae_shop_behind_doors
D:8:      layout_basic, nemelex_xobeh_ov_fountains_minmay,
          mainiacjoe_overflow_paths, nicolae_dithmenos_shadow_blocks,
          lair_entry_dummy
D:9:      layout_gridville, gammafunk_ghost_grave, worms_lemuel
D:10:     layout_stronghold, mainiacjoe_overflow_cross_hatched, vehumet_statue
D:11:     layout_basic, david_orc_5
D:12:     layout_loops_ring, nicolae_trove_entry_free_sample,
          fake_guardian_serpent_vault
D:13:     layout_rooms, david_vaults_2, kennysheep_small_square, uniq_snorg
D:14:     layout_roguey, minmay_crystal_water, minmay_door_square
D:15:     grunt_enter_depths_magical_seal, layout_layer_cave,
          portal_ice_cave_entry_frozen_things, minmay_misc_feat_square
Temple:   nicolae_temple_great_sept
Lair:1:   layout_big_grid, minivault_27, lemuel_centaur_altar,
          grunt_megastairs_4
Lair:2:   layout_cave_pods, spider_nest_entry_a, uniq_erica
Lair:3:   layout_cave_pods, uniq_sonja
Lair:4:   layout_big_grid, minmay_swamp_entry_worms, basic_altar,
          maelrawn_ghost_gauntlet_escape, infiniplex_staircase_pool, uniq_urug
Lair:5:   layout_cave_pods
Lair:6:   minmay_lair_end_enchanted_forest, layout_cellular_growth,
          slime_altar_1, grunt_forest_stairs_basic, serial_bayou_shore_a,
          lemuel_fruit_fields
Swamp:1:  layout_basic_swamp, hangedman_swamp_lotus
Swamp:2:  layout_falls_marsh, hangedman_swamp_diagram
Swamp:3:  layout_basic_swamp, evilmike_swamp_ruin_house_1, swamp_pool2
Spider:1: layout_spider_delve
Orc:1:    layout_diamond_mine, basic_altar, uniq_jorgrun, uniq_maurice
Orc:2:    st_orc_open, layout_caves, mines2_lemuel

Skill      XL: |  1  2  3  4  5  6  7  8  9 10 11 12 13 14 15 16 |
---------------+-------------------------------------------------+-----
Stealth        | 2 3 4 5 6 7 |  7.3
Dodging        | 2 3 4 5 6 7 8 9 10 | 10.9
Conjurations   | 2 3 4 5 6 7 9 |  9.7
Spellcasting   | 3 4 5 6 7 8 9 10 | 10.8
Air Magic      | 4 5 6 7 8 9 10 11 12 13 | 13.0
Shields        | 2 4 5 6 7 9 10 11 | 11.9
Fire Magic     | 1 3 4 5 6 |  6.3
Fighting       | 3 5 6 8 9 10 11 12 | 12.2
Evocations     | 2 3 5 |  5.3
Summonings     | 1 3 4 6 7 8 9 10 | 10.6
Translocations | 3 4 |  4.0

Action                   |  1- 3 |  4- 6 |  7- 9 | 10-12 | 13-15 | 16-18 || total
-------------------------+-------+-------+-------+-------+-------+-------++-------
Melee: Unarmed           |    10 |       |       |       |       |       ||    10
       Tailslap          |     3 |     2 |    13 |    15 |    22 |    10 ||    65
       Whip              |     7 |       |       |       |    20 |       ||    27
       Short sword       |     5 |    67 |    90 |    81 |     8 |       ||   251
       Eveningstar       |       |       |       |       |    85 |    36 ||   121
       Staff             |       |       |       |       |       |    13 ||    13
Throw: Boomerang         |       |       |       |       |       |     3 ||     3
 Cast: Shock             |    56 |   110 |   153 |    98 |    26 |     9 ||   452
       Airstrike         |       |       |    58 |   314 |   600 |   184 ||  1156
       Swiftness         |       |       |     2 |     6 |     6 |       ||    14
       Summon Lightning  |       |       |       |    55 |   146 |    67 ||   268
       Lightning Bolt    |       |       |       |       |    28 |    73 ||   101
       Fireball          |       |       |       |       |    21 |     4 ||    25
       Blink             |       |       |       |       |     3 |     1 ||     4
       Summon Cactus Gia |       |       |       |       |     3 |     4 ||     7
       Lee's Rapid Decon |       |       |       |       |       |     9 ||     9
 Abil: Breathe Steam     |       |       |     1 |    14 |    20 |    22 ||    57
Evoke: Wand              |       |       |       |     8 |    24 |    16 ||    48
       Phantom mirror    |       |       |       |       |     2 |     1 ||     3
       Piece from Xom's  |       |       |       |       |       |     1 ||     1
       Condenser vane    |       |       |       |       |       |     1 ||     1
  Use: Scroll            |       |       |     1 |    10 |    15 |     1 ||    27
       Potion            |       |       |       |     1 |     2 |     6 ||     9
 Stab: Sleeping          |       |     5 |     2 |       |     1 |       ||     8
       Distracted        |       |       |       |     1 |     7 |     4 ||    12
Armor: Skin              |    16 |    21 |    39 |    34 |   126 |    80 ||   316
Dodge: Dodged            |    20 |    46 |    96 |   138 |   241 |   176 ||   717
Block: Buckler           |       |       |    14 |    44 |   106 |    90 ||   254
       Reflection        |       |       |       |       |       |     2 ||     2

Table legend: (Time is in decaauts)
 A = Elapsed time spent in this place.
 B = Non-inter-level travel time spent in this place.
 C = Inter-level travel time spent in this place.
 D = Time resting spent in this place.
 E = Time spent auto-exploring this place.
 F = Levels seen in this place.
 G = Mean time per level.
                   A        B        C        D        E       F      G
               +--------+--------+--------+--------+--------+-----+--------+
         Total |  52693 |  50143 |   2550 |  23376 |  15137 |  30 | 1756.4 |
       Dungeon |  25813 |  24485 |   1328 |  10243 |   8534 |  15 | 1720.9 |
        Temple |    111 |     99 |     12 |      0 |     87 |   1 |  111.0 |
          Lair |  11579 |  10780 |    799 |   3879 |   4334 |   6 | 1929.8 |
         Swamp |   6151 |   5934 |    217 |   3364 |   1315 |   3 | 2050.3 |
   Spider Nest |    466 |    466 |      0 |    188 |     93 |   1 |  466.0 |
  Orcish Mines |   3624 |   3431 |    193 |   1967 |    691 |   2 | 1812.0 |
         Abyss |      4 |      4 |      0 |      0 |      0 |   1 |    4.0 |
      Ice Cave |   4942 |   4942 |      0 |   3735 |     83 |   1 | 4942.0 |
               +--------+--------+--------+--------+--------+-----+--------+

Top non-repeatable levels by time:
   IceCv: 4942 daAuts
    D:12: 3482 daAuts
    D:11: 3440 daAuts
  Lair:6: 2683 daAuts
 Swamp:2: 2529 daAuts
    D:15: 2280 daAuts
  Lair:4: 2222 daAuts
 Swamp:1: 2160 daAuts
    D:10: 2144 daAuts
   Orc:2: 2082 daAuts
  Lair:3: 1981 daAuts
    D:13: 1674 daAuts
  Lair:5: 1652 daAuts
     D:4: 1637 daAuts
     D:2: 1613 daAuts
